 Dungeon Crawl Stone Soup version 0.29-a0-393-g47a863cc1b (webtiles) character file.

Game seed: 6875807812080829770

82 haldagan the Sneak (level 4, -1/34 HPs)
             Began as a Vampire Chaos Knight on May 10, 2022.
             Was a Plaything of Xom.
             Slain by Sigmund the jumping spider (shapeshifter) (15 damage)
             ... on level 2 of the Dungeon.
             The game lasted 00:01:50 (1093 turns).

haldagan the Sneak (Vampire Chaos Knight)           Turns: 1093, Time: 00:01:50

Health: -1/34      AC:  5    Str: 13    XL:     4   Next: 21%
Magic:  4/4        EV: 12    Int: 14    God:    Xom [.*....]
Gold:   139        SH:  0    Dex: 13    Spells: 3/3 levels left

rFire   . . .      SeeInvis +   a - +0 short sword (chaos)
rCold   . . .      Faith    .   (no shield)
rNeg    . . .      Spirit   .   b - +2 leather armour
rPois   .          Reflect  .   (no helmet)
rElec   .          Harm     .   (no cloak)
rCorr   .          Rampage  .   (no gloves)
Will    .....                   (no boots)
Stlth   ++........              (no amulet)
HPRegen 0.31/turn               (no ring)
MPRegen 0.09/turn               (no ring)

@: healing quickly, hasted and slowed
A: alive, fangs 3, see invisible, vampiric 2
a: Exsanguinate, Renounce Religion


You were on level 2 of the Dungeon.
You worshipped Xom.
You were a plaything of Xom.
You visited 1 branch of the dungeon, and saw 2 of its levels.

You collected 139 gold pieces.

Inventory:

Hand Weapons
 a - a +0 short sword of chaos (weapon)
Missiles
 h - a throwing net
Armour
 b - a +2 leather armour (worn)
 n - a +0 scale mail
Jewellery
 m - a +4 ring of protection
Wands
 j - a wand of acid (11)
 o - a wand of polymorph (8)
Scrolls
 d - 4 scrolls of identify {unknown}
 e - 2 scrolls of enchant weapon {unknown}
 g - a scroll of poison {unknown}
 i - 2 scrolls of magic mapping {unknown}
Potions
 f - a potion of brilliance {unknown}
 k - a potion of mutation {unknown}
 l - 2 potions of curing
Miscellaneous
 c - a piece from Xom's chessboard (15/15) (quivered)


   Skills:
 - Level 2.6 Fighting
 + Level 4.0 Short Blades
 - Level 0.7 Armour
 + Level 3.1 Dodging
 * Level 4.4 Stealth


You had 3 spell levels left.
You didn't know any spells.
Your spell library contained the following spells:

 Spells                   Type           Power      Damage    Failure   Level
 Ozocubu's Armour         Ice            0%         N/A       73%         3
 Summon Ice Beast         Ice/Summ       0%         N/A       98%         4
 Summon Lightning Spire   Summ/Air       0%         N/A       98%         4
 Metabolic Englaciation   Hex/Ice        0%         N/A       100%        5
 Simulacrum               Ice/Necr       0%         N/A       100%        6
 Storm Form               Tmut/Air       0%         N/A       100%        7
 Ignition                 Fire           0%         3d3       100%        8
 Maxwell's Capacitive Co  Air            0%         ∞         100%        8


Dungeon Overview and Level Annotations

Branches:
Dungeon (2/15)

Altars:

Annotations:
D:2 Sigmund


Innate Abilities, Weirdness & Mutations

Your natural rate of healing is accelerated.
You have razor-sharp teeth.
You have supernaturally acute eyesight. (SInv)
You are afflicted with vampirism and can become a bat while bloodless.


Message History

Sigmund hits you but does no damage.
You closely miss Sigmund. Your bite misses Sigmund.
Sigmund casts a spell at you. You resist with some effort.
You barely miss Sigmund. Sigmund casts a spell at you. The magic dart hits you!
You hit Sigmund.
Sigmund is lightly wounded.
Xom chortles.
Sigmund's +0 scythe erupts in a glittering mayhem of colour.
Sigmund barely misses you.
You closely miss Sigmund.
Sigmund is lightly wounded.
You barely miss Sigmund. You bite Sigmund, but do no damage.
Sigmund is lightly wounded.
Xom asks Qazlal to spice things up a little.
Sigmund gestures at you while chanting. The puff of flame hits you.
You closely miss Sigmund.
Sigmund is lightly wounded.
You are engulfed in seething chaos.
You feel yourself slow down. Sigmund misses you.
You hit Sigmund. Lightning courses through Sigmund!!
Sigmund is almost dead.
You are engulfed in seething chaos. "This might be better!"
Sigmund changes into a shapeshifter!
Sigmund the shapeshifter changes into a jumping spider!
You completely miss Sigmund. Your bite misses Sigmund.
You are engulfed in seething chaos.
Sigmund completely misses you. Sigmund closely misses you.
You barely miss Sigmund.
You are engulfed in seething chaos.
You feel yourself speed up. Sigmund misses you. Sigmund closely misses you.
Sigmund barely misses you. Sigmund bites you. Sigmund completely misses you.
Sigmund bites you!
Sigmund is engulfed in seething chaos.
Sigmund seems to grow stronger.
Sigmund attacks as you move away! Sigmund pounces on you!
You die...
Xom chortles!

............# ###.###
............# #.....#
####.....#.######.....#
########..............#
..... ##.#######.....#
##### ....######.....#
#...#........$.###
|...###..§§§....#
....###..§§s@...#
.........§§§....#
.###......?..#
#.........# ###########


You could see Sigmund the jumping spider shaped shifter (strong).

Vanquished Creatures
  3 adders (D:2)
  4 gnolls (D:2)
  2 endoplasms (D:1)
  2 giant cockroaches
  3 goblins
  2 hobgoblins
  A bat (D:2)
  2 frilled lizards (D:2)
  A kobold (D:2)
20 creatures vanquished.

Notes
Turn   | Place    | Note
-------+----------+-------------------------------------------
     0 | D:1      | haldagan the Vampire Chaos Knight began the quest for the
                  | Orb.
     0 | D:1      | Reached XP level 1. HP: 17/17 MP: 1/1
   115 | D:1      | Reached skill level 1 in Stealth
   242 | D:1      | Found a faded altar of an unknown god.
   561 | D:2      | XOM: silly message
   569 | D:2      | Reached XP level 2. HP: 3/23 MP: 2/2
   648 | D:2      | XOM: confusion (+ monsters)
   670 | D:2      | Gained mutation: You are afflicted with vampirism and can
                  | become a bat while bloodless. [Vampire growth]
   670 | D:2      | Reached XP level 3. HP: 24/28 MP: 3/3
   748 | D:2      | Got Teot's Disquisition on the Blaze and the Frostbite
   822 | D:2      | Reached XP level 4. HP: 32/34 MP: 4/4
  1077 | D:2      | Noticed Sigmund
  1084 | D:2      | XOM: chaos upgrade
  1086 | D:2      | XOM: chaos cloud
  1088 | D:2      | Noticed Sigmund
  1088 | D:2      | Sigmund changed into Sigmund the shapeshifter
  1088 | D:2      | XOM: polymorph Sigmund -> Sigmund the shapeshifter
  1088 | D:2      | Noticed Sigmund
  1088 | D:2      | Sigmund the shapeshifter changed into Sigmund the jumping
                  | spider
  1093 | D:2      | Slain by Sigmund the jumping spider (shapeshifter)

Illustrated notes

Levels and vault maps discovered:
D:1:      dpeg_arrival_three_same_balls, layout_basic, basic_ecumenical_altar
D:2:      layout_rooms, uniq_sigmund

Skill      XL: |  1  2  3  4 |
---------------+-------------+-----
Stealth        | 2 3 4 |  4.4
Dodging        | 3 |  3.1
Short Blades   | 4 |  4.0
Fighting       | |  2.6
Armour         | |  0.7

Action                   |  1- 3 |  4- 6 || total
-------------------------+-------+-------++-------
Melee: Short sword       |    65 |    29 ||    94
       Bite              |     8 |     1 ||     9
  Use: Potion            |     1 |       ||     1
 Stab: Petrifying        |     1 |       ||     1
       Confused          |       |     1 ||     1
Armor: Leather armour    |    11 |     4 ||    15
Dodge: Dodged            |    46 |    28 ||    74

Table legend: (Time is in decaauts)
 A = Elapsed time spent in this place.
 B = Non-inter-level travel time spent in this place.
 C = Inter-level travel time spent in this place.
 D = Time resting spent in this place.
 E = Time spent auto-exploring this place.
 F = Levels seen in this place.
 G = Mean time per level.
                   A        B        C        D        E       F      G
               +--------+--------+--------+--------+--------+-----+--------+
         Total |   1087 |   1040 |     47 |     75 |    738 |   2 |  543.5 |
       Dungeon |   1087 |   1040 |     47 |     75 |    738 |   2 |  543.5 |
               +--------+--------+--------+--------+--------+-----+--------+

Top non-repeatable levels by time:
     D:1: 611 daAuts
     D:2: 476 daAuts
